Description

This Build Order Allows for a quick attack with Stalker and Zealot

VOD

https://youtu.be/ODED0_LNe7E

Replay - 2 Gates

Build Order

Get SALT Encoding   

  12  0:00  Probe  
  13  0:12  Probe  
  14  0:16  Pylon  
  14  0:24  Probe  
  15  0:34  Gateway  
  15  0:39  Assimilator  
  15  0:44  Probe  
  16  0:54  Pylon  
  16  0:56  Probe  
  17  1:08  Probe  
  18  1:12  Gateway  
  18  1:22  Cybernetics Core  
  18  1:30  Zealot  
  20  1:34  Probe  
  21  1:46  Probe  
  22  1:59  Stalker x2 (Chrono Boost)  
  22  2:01  Warp Gate  
  22  1:59  Probe  
  27  2:11  Assimilator  
  27  2:12  Probe  
  28  2:16  Stalker (Chrono Boost)  
  30  2:29  Pylon  
Spawning Tool Build Advisor. Get it on Overwolf

Analysis

It is imperative to kill the scv that builds the CC. After the Push you can take a base and leave blink.

PS: I saw that there was another BO already on the site that is almost strictly the same and I wonder if I should not delete this BO.

Go to:

Details

  • Created by: defer
  • Published on: Sep 11, 2018
  • Modified on: Sep 11, 2018
  • Patch: 4.0.0
Show
View Real Time Build Order
Export as new Build Order

Comments (0)

There are no comments. Be the first!

Create an account to comment!